Workbook
Name COMPOSIÇÕES.COMPLEMENTARES: '[1]COMPOSIÇÕES COMPLEMENTARES'!$A$7:$I$340

Sheet DADOS
A6: DADOS GERAIS DO ORÇAMENTO
A7: OBJETO: | B7: EDIFICAÇÕES HISTÓRICA - SECRETÁRIA DA CULTURA
A8: OBRA/SERVIÇO: | B8: SERVIÇOS DE MANUTENÇÃO E REPARAÇÃO DE CALHAS
A9: LOCAL/ENDEREÇO: | B9: LAPA-PR
A10: ÁREA DE INTERVENÇÃO: | B10: COBERTURA
A11: INSTITUIÇÃO: | B11: PREFEITURA DA LAPA-PR
A12: MUNICÍPIO: | B12: LAPA-PR
A13: DATA DE ELABORAÇÃO DO ORÇAMENTO: | B13: 46200
A14: REGIME PREVIDENCIÁRIO CONSIDERADO: | B14: SEM DESONERAÇÃO
A16: DADOS DO RESPONSÁVEL PELO ORÇAMENTO
A17: RESPONSÁVEL TÉCNICO: | B17: Nicole Aline Busato
A18: CARGO: | B18: Arquiteta Urbanista
A19: N° DE REGISTRO: | B19: CREA/CAU-UF A1793063
A20: RESPONSABILIDADE TÉCNICA: | B20: ART/RRT N° XXXXXX
A22: DADOS DOS RESPONSÁVEIS
A23: CONTRATADA: | B23: XXXXXXXXXXXXXXXXXXX
A24: CNPJ: | B24: XXXXXXXXXXXXXXXXXXX
A25: RESPONSÁVEL LEGAL: | B25: XXXXXXXXXXXXXXXXXXX
A26: CARGO: | B26: XXXXXXXXXXXXXXXXXXX
A27: CONTRATANTE: | B27: MUNICÍPIO DA LAPA-PR
A28: RESPONSÁVEL LEGAL: | B28: DIEGO TIMBIRUSSU RIBAS
A29: CARGO: | B29: PREFEITO
A35: ______________________________________________________
A36: =B17 -> Nicole Aline Busato
A37: =B18 -> Arquiteta Urbanista
A38: =B19 -> CREA/CAU-UF A1793063
A39: =B20 -> ART/RRT N° XXXXXX

Sheet BDI
A6: COMPOSIÇÃO DO BDI
A7: ITEM | B7: DESCRIÇÃO | C7: SIGLA | D7: PORCENTAGEM | E7: FONTE
A8: 1 | B8: RATEIO DA ADMINISTRAÇÃO CENTRAL | C8: AC | D8: 0.04 | E8: Acórdão 2622/2013 - TCU - Plenário
A9: 2 | B9: SEGURO + GARANTIA | C9: S + G | D9: 0.008 | E9: Acórdão 2622/2013 - TCU - Plenário
A10: 3 | B10: RISCO E IMPREVISTOS | C10: R | D10: 0.0127 | E10: Acórdão 2622/2013 - TCU - Plenário
A11: 4 | B11: DESPESAS FINANCEIRAS | C11: DF | D11: 0.0123 | E11: Acórdão 2622/2013 - TCU - Plenário
A12: 5 | B12: LUCRO | C12: L | D12: 0.074 | E12: Acórdão 2622/2013 - TCU - Plenário
A13: 6 | B13: TRIBUTOS | C13: I | D13: =D14+D15+D16+D17 -> 0.0565 | E13: Acórdão 2622/2013 - TCU - Plenário
A14: 6.1 | B14: COFINS ¹ | C14: - | D14: 0.03 | E14: Leis nº 9718/98, 10637/02 e 10833/03
A15: 6.2 | B15: PIS ¹ | C15: - | D15: 0.0065 | E15: Leis nº 9718/98, 10637/02 e 10833/03
A16: 6.3 | B16: CPRB ² | C16: - | D16: 0 | E16: MP nº 601/2012 e 612/2013
A17: 6.4 | B17: ISS (adotado) ³ | C17: - | D17: 0.02 | E17: Lei Complementar nº 116/2003
A18: 6.4.1 | B18: Custo total da mão de obra
A19: 6.4.2 | B19: Custo total da obra
A20: 6.4.3 | B20: ISSQN ⁴
A21: 6.4.4 | B21: ISS (calculado) ⁵
A22: BDI | D22: =(((1+(D8+D9+D10))*(1+D11)*(1+D12)/(1-D13))-1) -> 0.22226164
A24: Fórmula da Taxa de Benefício e Despesas Indiretas - Manual de orientação para elaboração de planilhas orçamentárias de obras públicas do Tribunal de Contas da União:
A25: AC = taxa de rateio da administração central
A26: S = taxa de representatividade de seguros
A27: R = riscos e imprevistos
A28: G = taxa que representa o ônus das garantias exigidas em edital
A29: DF = taxa de representatividade das despesas financeiras
A30: L = remuneração bruta do construtor
A31: I = taxa de representatividade dos tributos incidentes sobre o preço de venda (PIS, Cofins, CPRB e ISS)
A33: (1) Acórdão 2622/2013 - TCU - Plenário
A34: a) Regime de incidência cumulativa: os percentuais que integram a composição de BDI de obras públicas podem ser equivalentes ao valor integral das alíquotas do PIS e da COFINS de 0,65% e 3,00%.
A36: b) Regime de incidência não-cumulativa: para a composição de BDI de contratos de serviços técnicos especializados (projeto, consultoria, gerenciamento, fiscalização, etc.) e de obras industriais o valor integral das alíquotas do PIS e da COFINS é de 1,65% e 7,60%.
A38: (2) Acórdão 2622/2013 - TCU - Plenário
... A55: ISS calculado: faz-se (custo total da mão-de-obra/custo total da obra) x ISSQN.

Sheet ORÇAMENTO ANALITICO
A5: ORÇAMENTO ANALITICO
A6: OBJETO: | B6: =DADOS!B7 -> EDIFICAÇÕES HISTÓRICA - SECRETÁRIA DA CULTURA | I6: DATA DO ORÇAMENTO: | J6: 46200 | K6: =DADOS!B12 -> LAPA-PR
A7: OBRA/SERVIÇO: | B7: =DADOS!B8 -> SERVIÇOS DE MANUTENÇÃO E REPARAÇÃO DE CALHAS | I7: REGIME PREVIDENCIÁRIO: | J7: =DADOS!B14 -> SEM DESONERAÇÃO
A8: LOCAL/ENDEREÇO: | B8: =DADOS!B9 -> LAPA-PR
A9: ÁREA: | B9: =DADOS!B10 -> COBERTURA
A10: DESCRIÇÃO DO SERVIÇO: | B10: Execução de serviços de limpeza, manutenção, reparação e/ou substituição de calhas.
A11: ITEM | B11: REFERÊNCIA | C11: CODIGO | D11: DESCRIÇÃO DOS SERVIÇOS | E11: UNIDADE | F11: QUANTIDADE | G11: VALOR MATERIAL | H11: VALOR TOTAL DO MATERIAL | I11: VALOR MÃO DE OBRA | J11: VALOR TOTAL DO MÃO DE OBRA | K11: VALOR TOTAL
A12: 1 | D12: CALHAS | K12: =SUM(K13:K20) -> 10086.41
A13: 1.1 | B13: SINAPI (INSUMOS) | C13: 12627 | D13: VEDACAO DE CALHA, EM BORRACHA COR PRETA, MEDIDA ENTRE 119 E 170 MM, PARA DRENAGEM PLUVIAL PREDIAL | E13: UN | F13: 8 | G13: 1.14 | H13: =F13*G13 -> 9.12 | K13: =H13 -> 9.12
A14: 1.2 | B14: SINAPI (INSUMOS) | C14: 12626 | D14: SUPORTE METALICO PARA CALHA PLUVIAL, ZINCADO, DOBRADO, DIAMETRO ENTRE 119 E 170 MM, PARA DRENAGEM PLUVIAL PREDIAL | E14: UN | F14: 34 | G14: 36.39 | H14: =F14*G14 -> 1237.26 | K14: =H14 -> 1237.26
A15: 1.3 | B15: SINAPI (INSUMOS) | C15: 12624 | D15: EMENDA PARA CALHA PLUVIAL, PVC, DIAMETRO ENTRE 119 E 170 MM, PARA DRENAGEM PLUVIAL PREDIAL | E15: UN | G15: 28.57 | H15: =F15*G15 -> 0 | K15: =H15 -> 0
A16: 1.4 | B16: SINAPI (INSUMOS) | C16: 12616 | D16: CABECEIRA DIREITA OU ESQUERDA, PVC, PARA CALHA PLUVIAL, DIAMETRO ENTRE *119 E 170* MM, PARA DRENAGEM PLUVIAL PREDIAL | E16: UN | F16: 8 | G16: 14.58 | H16: =F16*G16 -> 116.64 | K16: =H16 -> 116.64
A17: 1.5 | B17: SINAPI (INSUMOS) | C17: 1110 | D17: CALHA PLATIBANDA DE CHAPA DE ACO GALVANIZADA NUM 26, CORTE 45 CM | E17: m | F17: 9 | G17: 33.54 | H17: =F17*G17 -> 301.86 | K17: =H17 -> 301.86
A18: 1.6 | B18: SINAPI (COMPOSIÇÕES) | C18: 94231 | D18: RUFO EM CHAPA DE AÇO GALVANIZADO NÚMERO 24, CORTE DE 25 CM, INCLUSO TRANSPORTE VERTICAL. AF_07/2019 | E18: m | F18: 76 | G18: 52.57 | H18: =F18*G18 -> 3995.32 | K18: =H18 -> 3995.32
A19: 1.7 | B19: SINAPI (COMPOSIÇÕES) | C19: 104803 | D19: REMOÇÃO CALHAS E RUFOS, DE FORMA MANUAL, SEM REAPROVEITAMENTO. AF_09/2023 | E19: m | F19: 33 | G19: 6.37 | H19: =F19*G19 -> 210.21 | K19: =H19 -> 210.21
A20: 1.8 | B20: SINAPI (COMPOSIÇÕES) | C20: 94229 | D20: CALHA EM CHAPA DE AÇO GALVANIZADO NÚMERO 24, DESENVOLVIMENTO DE 100 CM, INCLUSO TRANSPORTE VERTICAL. AF_07/2019 | E20: m | F20: 25 | G20: 168.64 | H20: =F20*G20 -> 4216 | K20: =H20 -> 4216
A21: 2 | D21: TRATAMENTO DE JUNTA | K21: =SUM(K22:K22) -> 6469.88
A22: 2.1 | B22: SINAPI (INSUMOS) | C22: 98575 | D22: TRATAMENTO DE JUNTA DE DILATAÇÃO, COM TARUGO DE POLIETILENO E SELANTE PU, INCLUSO PREENCHIMENTO COM ESPUMA EXPANSIVA PU. AF_09/2023 | E22: m | F22: 76 | G22: 85.13 | H22: =F22*G22 -> 6469.88 | K22: =H22 -> 6469.88
A23: 3 | D23: MÃO DE OBRA | K23: =SUM(K24:K25) -> 1369.2
A24: 3.1 | B24: SINAPI (COMPOSIÇÕES) | C24: 88242 | D24: AJUDANTE DE PEDREIRO COM ENCARGOS COMPLEMENTARES | F24: 20 | I24: 31.45 | J24: =F24*I24 -> 629 | K24: =J24 -> 629
A25: 3.2 | B25: SINAPI (COMPOSIÇÕES) | C25: 88323 | D25: TELHADISTA COM ENCARGOS COMPLEMENTARES | E25: h | F25: 20 | I25: 37.01 | J25: =F25*I25 -> 740.2 | K25: =J25 -> 740.2
A26: TOTAL | K26: =K12+K21+K23 -> 17925.49

Sheet CURVA ABC
A4: ORÇAMENTO SINTÉTICO
A5: OBJETO: | B5: =DADOS!B6 -> 0 | H5: DATA DO ORÇAMENTO: | K5: =DADOS!B11 -> PREFEITURA DA LAPA-PR
A6: OBRA/SERVIÇO: | B6: =DADOS!B8 -> SERVIÇOS DE MANUTENÇÃO E REPARAÇÃO DE CALHAS | H6: REGIME PREVIDENCIÁRIO:
A7: LOCAL/ENDEREÇO: | B7: =DADOS!B9 -> LAPA-PR
A8: ÁREA: | B8: =DADOS!B10 -> COBERTURA
A9: DESCRIÇÃO DO SERVIÇO: | B9: Execução de serviços de limpeza, manutenção, reparação e/ou substituição de calhas.
A11: ITEM | B11: DESCRIÇÃO DOS SERVIÇOS | C11: CONSUMO (PESO) | D11: VALOR UNITÁRIO | E11: VALOR TOTAL | F11: PERCENTUAL % | G11: ACUMULADO %
A12: 1 | B12: ='ORÇAMENTO ANALITICO'!D12 -> CALHAS | C12: 1 | D12: ='ORÇAMENTO ANALITICO'!K12 -> 10086.41 | E12: ='ORÇAMENTO ANALITICO'!K12 -> 10086.41 | F12: =E12/E15 -> 0.56268532 | G12: =F12 -> 0.56268532 | H12: A (75% do valor total)
A13: 2 | B13: ='ORÇAMENTO ANALITICO'!D21 -> TRATAMENTO DE JUNTA | C13: 1 | D13: ='ORÇAMENTO ANALITICO'!K21 -> 6469.88 | E13: ='ORÇAMENTO ANALITICO'!K21 -> 6469.88 | F13: =E13/E15 -> 0.36093184 | G13: =G12+F13 -> 0.92361715 | H13: B (23% do valor total)
A14: 3 | B14: ='ORÇAMENTO ANALITICO'!D23 -> MÃO DE OBRA | C14: 1 | D14: ='ORÇAMENTO ANALITICO'!K23 -> 1369.2 | E14: ='ORÇAMENTO ANALITICO'!K23 -> 1369.2 | F14: =E14/E15 -> 0.076382849 | G14: =G13+F14 -> 1 | H14: C (2% do valor total)
A15: TOTAL | D15: =SUM(D12:D14) -> 17925.49 | E15: =SUM(E12:E14) -> 17925.49 | F15: =SUM(F12:F14) -> 1 | G15: 1

Sheet INCC-DI
A3: INCC-DI
A4: MÊS | B4: ÍNDICE
A6: 44743 | B6: 1043.76
A7: 44774 | B7: 1044.679
A8: 44805 | B8: 1045.616
A9: 44835 | B9: 1046.896
A10: 44866 | B10: 1050.701
A11: 44896 | B11: 1051.632
A12: 45658 | B12: 1169.116
A13: 45689 | B13: 1173.775
A14: 45717 | B14: 1178.386
A15: 45748 | B15: 1184.462
A16: 45778 | B16: 1191.327
A17: 45809 | B17: 1199.509
... A25: 46054 | B25: 1240.481
A26: fev 26/jul | B26: =B25/B6 -> 1.1884734
A27: fev 26/ago | B27: =B25/B7 -> 1.1874279
A28: fev 26/set | B28: =B25/B8 -> 1.1863638
A29: MÉDIA | B29: =AVERAGE(B26:B28) -> 1.1874217
A31: *julho, agosto e setembro de 2022 são as datas dos orçamentos de referência do IPHAN utilizados como referência de valores unitários para este orçamento

Sheet FATOR K
A6: COMPOSIÇÃO DO FATOR K - DESONERADO
A7: ITEM | B7: DESCRIÇÃO | C7: SIGLA | D7: PORCENTAGEM | E7: FONTE
A8: 1 | B8: ENCARGOS SOCIAIS ⁵ | C8: K1 | D8: 0.6992 | E8: TCU
A9: 2 | B9: ADMINISTRAÇÃO CENTRAL ² | C9: K2 | D9: 0.2 | E9: TCU
A10: 3 | B10: REMUNERAÇÃO BRUTA DA EMPRESA ² | C10: K3 | D10: 0.1 | E10: TCU
A11: 4 | B11: TRIBUTOS SOBRE O PREÇO DE VENDA (DF) ⁴ | C11: K4 | D11: =(1/(1-D12)-1) -> 0.10375276 | E11: TCU
A12: 5 | B12: TRIBUTOS ⁶ | C12: I | D12: =SUM(D13:D15) -> 0.094 | E12: TCU
A13: 5.1 | B13: COFINS ¹ | C13: - | D13: 0.0608 | E13: TCU
A14: 5.2 | B14: PIS ¹ | C14: - | D14: 0.0132 | E14: TCU
A15: 5.3 | B15: ISS ³ | C15: - | D15: 0.02 | E15: Lei Complementar nº 11/2017
A16: FATOR K | D16: =TRUNC((1+D8+D9)*(1+D10)*(1+D11),4) -> 2.3058
A18: Fórmula para cálculo do Fator K - Contratação de Projetos - Tribunal de Contas da União:
A19: K = (1 + K1 + K2)(1 + K3)(1 + K4)
A23: (1) A alíquota máxima do PIS é de 1,65% e da COFINS é de 7,60%, conforme Lei nº 10.833/03, em consonância ao regime de tributação da empresa. Antes da aplicação das alíquotas, correspondente ao Teto (Empresa de Lucro Real), verificar a existência dos insumos constantes dos artigos 3º da Lei nº 10637/02 e da Lei nº 10833/03, os quais deverão sofrer redução do percentual de 9,25% (1,65% PIS + 7,60 COFINS). Foi considerado 20% de compensação nas tarifas cheias (7,60% e 1,65%) no regime de incidência não-cumulativa. A redução do PIS e do CONFINS é recomendada pelo Tribunal de Contas da União - TCU (fls. 104 e 105 da publicação Orientações Para a Elaboração de Planilhas Orçamentárias de Obras Públicas - Edição de 2014). As empresas proponentes deverão ajustar os percentuais de PIS e de COFINS de acordo com suas reais situações tributárias.
A26: (2) Administração Central: O percentual aceito pelo Tribunal de Contas da União - TCU para as Despesas relativas à Administração Central, também denominadas Overhead, deve estar situado na faixa de 17% a 20% (Acórdão Nº 508/2018 - TCU). (2) Remuneração bruta da Empresa: Estimado em 10% pelo Tribunal de Contas da União - TCU (fl. 99 da publicação Orientações Para Elaboração de Planilhas Orçamentárias de Obras Públicas - Edição 2014).
A29: (3) A alíquota do ISS é determinada pela "Relação de Serviços" do município onde se prestará o serviço conforme art. 1º Lei Complementar nº 116/2003. Ressalta-se que, conforme o art. 8º desta Lei, a alíquota máxima admitida para o ISS é de 5%. Além disso, registra-se, ainda, que deve-se verificar a legislação municipal, se esta possibilita a redução da base de cáclculo deste tributo, pois conforme o parágrafo 2º, inciso I, art. 7º desta mesma Lei, a base de cálculo do ISS é o preço do serviço excluindo-se o valor dos materiais. De acordo com a Lei Complementar municipal nº 11, de 02 de outubro de 2017, no Anexo I, item 7.03, a alíquota é de 2%.
A31: (4) Fator relativo aos Tributos sobre o preço de venda, também denominado Despesas Fiscais (DF), dado pela Equação K4 = (1/(1-I)-1).
A33: (5) Encargos Sociais incidentes sobre a mão de obra. Tabela SINAPI não desonerada: mão de obra mensalista - percentual de 69,92% incidente sobre a mão de obra. Tabela SINAPI desonerada: já considera este percentual no custo dos itens.
A35: (6) O Tributos (I) equivale à soma dos tributos incidentes sobre o preço de venda: PIS, COFINS e ISS

Sheet TRDE
A6: COMPOSIÇÃO DA TRDE
A7: ITEM | B7: DESCRIÇÃO | C7: SIGLA | D7: PORCENTAGEM | E7: FONTE
A8: 1 | B8: ENCARGOS SOCIAIS ⁵ | C8: K1 | D8: - | E8: TCU
A9: 2 | B9: ADMINISTRAÇÃO CENTRAL ² | C9: K2 | D9: - | E9: TCU
A10: 3 | B10: REMUNERAÇÃO BRUTA DA EMPRESA ² | C10: K3 | D10: 0.1 | E10: TCU
A11: 4 | B11: TRIBUTOS SOBRE O PREÇO DE VENDA (DF) ⁴ | C11: K4 | D11: =(1/(1-D12)-1) -> 0.10375276 | E11: TCU
A12: 5 | B12: TRIBUTOS ⁶ | C12: I | D12: =SUM(D13:D15) -> 0.094 | E12: TCU
A13: 5.1 | B13: COFINS ¹ | C13: - | D13: 0.0608 | E13: TCU
A14: 5.2 | B14: PIS ¹ | C14: - | D14: 0.0132 | E14: TCU
A15: 5.3 | B15: ISS ³ | C15: - | D15: 0.02 | E15: Lei Complementar nº 11/2017
A16: TRDE | D16: =TRUNC((1+D10)*(1+D11),4) -> 1.2141
A18: Fórmula para cálculo da TRDE (Taxa de Ressarcimento de Despesas e Encargos) - Contratação de Projetos - Tribunal de Contas da União:
A19: TRDE = (1 + K3)(1 + K4)
A23: (1) A alíquota máxima do PIS é de 1,65% e da COFINS é de 7,60%, conforme Lei nº 10.833/03, em consonância ao regime de tributação da empresa. Antes da aplicação das alíquotas, correspondente ao Teto (Empresa de Lucro Real), verificar a existência dos insumos constantes dos artigos 3º da Lei nº 10637/02 e da Lei nº 10833/03, os quais deverão sofrer redução do percentual de 9,25% (1,65% PIS + 7,60 COFINS). Foi considerado 20% de compensação nas tarifas cheias (7,60% e 1,65%) no regime de incidência não-cumulativa. A redução do PIS e do CONFINS é recomendada pelo Tribunal de Contas da União - TCU (fls. 104 e 105 da publicação Orientações Para a Elaboração de Planilhas Orçamentárias de Obras Públicas - Edição de 2014). As empresas proponentes deverão ajustar os percentuais de PIS e de COFINS de acordo com suas reais situações tributárias.
A26: (2) Administração Central: O percentual aceito pelo Tribunal de Contas da União - TCU para as Despesas relativas à Administração Central, também denominadas Overhead, deve estar situado na faixa de 17% a 20% (Acórdão Nº 508/2018 - TCU). (2) Remuneração bruta da Empresa: Estimado em 10% pelo Tribunal de Contas da União - TCU (fl. 99 da publicação Orientações Para Elaboração de Planilhas Orçamentárias de Obras Públicas - Edição 2014).
A29: (3) A alíquota do ISS é determinada pela "Relação de Serviços" do município onde se prestará o serviço conforme art. 1º Lei Complementar nº 116/2003. Ressalta-se que, conforme o art. 8º desta Lei, a alíquota máxima admitida para o ISS é de 5%. Além disso, registra-se, ainda, que deve-se verificar a legislação municipal, se esta possibilita a redução da base de cáclculo deste tributo, pois conforme o parágrafo 2º, inciso I, art. 7º desta mesma Lei, a base de cálculo do ISS é o preço do serviço excluindo-se o valor dos materiais. De acordo com a Lei Complementar municipal nº 11, de 02 de outubro de 2017, no Anexo I, item 7.03, a alíquota é de 2%.
A31: (4) Fator relativo aos Tributos sobre o preço de venda, também denominado Despesas Fiscais (DF), dado pela Equação K4 = (1/(1-I)-1).
A33: (5) Encargos Sociais incidentes sobre a mão de obra. Tabela SINAPI não desonerada: mão de obra mensalista - percentual de 69,92% incidente sobre a mão de obra. Tabela SINAPI desonerada: já considera este percentual no custo dos itens.
A35: (6) O Tributos (I) equivale à soma dos tributos incidentes sobre o preço de venda: PIS, COFINS e ISS
